Map: Paisaje nocturno EE

Players

TATORREA - Winner!

  • Race: Protoss Protoss
  • League: Gold
  • Spawn Location: 7:00

MrFercho - Winner!

  • Race: Zerg Zerg
  • League: Silver
  • Spawn Location: 7:00

panda

  • Race: Protoss Protoss
  • League: Silver
  • Spawn Location: 1:00

javichosky

  • Race: Protoss Protoss
  • Spawn Location: 1:00

VOD

Have the link to the VOD?

Description

Time

  • Played on: June 29, 2020, 10:21 p.m.
  • Length: 12:43
Show
View Real Time Build Order
Export as new Build Order

TATORREA Protoss - Winner!

Build Orders:  

Get SALT Encoding   

  12  0:01  Probe  
  13  0:13  Probe  
  14  0:25  Pylon, Probe  
  15  0:43  Probe  
  15  0:44  Gateway  
  16  1:06  Probe  
  17  1:22  Probe  
  18  1:31  Zealot  
  18  1:34  Probe  
  21  1:43  Assimilator  
  21  1:47  Probe  
  22  2:02  Cybernetics Core  
  22  2:04  Gateway  
  22  2:09  Pylon  
  22  2:12  Probe  
  23  2:16  Pylon  
  23  2:18  Assimilator  
  23  2:20  Pylon  
  22  2:31  Probe  
  23  2:39  Probe  
  24  2:59  Probe  
  24  3:03  Nexus  
  24  3:05  Pylon  
  25  3:07  Warp Gate, Pylon  
  25  3:14  Stalker  
  27  3:22  Stalker  
  27  3:24  Probe  
  30  3:36  Probe  
  31  3:42  Robotics Facility  
  32  3:48  Probe  
  32  3:49  Stalker  
  32  3:53  Sentry  
  36  4:00  Probe  
  37  4:13  Probe  
  38  4:17  Probe  
  39  4:29  Gateway  
  39  4:31  Gateway  
  39  4:32  Probe  
  39  4:34  Gateway, Probe  
  41  4:39  Observer  
  41  4:45  Probe  
  43  4:52  Probe  
  44  4:58  Assimilator  
  44  5:01  Immortal, Probe  
  44  5:02  Assimilator  
  44  5:05  Probe  
  50  5:13  Probe  
  51  5:15  Stalker  
  51  5:17  Stalker, Probe  
  56  5:25  Probe  
  57  5:29  Probe  
  57  5:32  Stalker x2  
  57  5:34  Sentry  
  64  5:39  Probe  
  64  5:41  Probe  
  66  5:50  Immortal  
  66  5:53  Probe  
  71  5:59  Stalker  
  71  6:02  Probe  
  74  6:08  Probe  
  75  6:15  Nexus  
  75  6:21  Pylon  
  75  6:25  Pylon  
  75  6:26  Probe  
  75  6:27  Probe  
  77  6:33  Pylon  
  77  6:40  Pylon, Probe x2  
  77  6:46  Pylon  
  79  6:53  Probe  
  79  6:54  Probe  
  81  7:07  Forge  
  81  7:08  Forge, Probe x2  
  83  7:10  Forge  
  83  7:13  Twilight Council  
  83  7:15  Stalker  
  83  7:17  Stalker  
  83  7:20  Probe x2  
  89  7:27  Protoss Ground Weapons Level 1  
  89  7:28  Protoss Ground Armor Level 1  
  89  7:29  Immortal, Protoss Shields Level 1  
  93  7:31  Probe  
  93  7:32  Probe x2  
  96  7:39  Assimilator  
  96  7:43  Assimilator  
  96  7:44  Probe x2  
  96  7:45  Probe  
  99  8:06  Gateway x2  
  99  8:07  Gateway  
  99  8:22  Stalker  
  99  8:23  Stalker x2  
  99  8:27  Stalker  
  107  8:30  Stalker  
  107  8:32  Nexus  
  109  8:34  Pylon x2  
  93  8:54  Probe x3  
  94  9:08  Stalker x4  
  94  9:09  Stalker x2  
  106  9:10  Sentry  
  106  9:12  Sentry  
  106  9:16  Immortal  
  114  9:26  Blink  
  114  9:37  Stalker  
  114  9:38  Stalker x4  
  120  9:39  Stalker x3  
  130  9:59  Probe x3  
  133  10:06  Probe, Nexus  
  134  10:08  Pylon  
  134  10:10  Pylon  
  134  10:11  Stalker, Probe x3  
  134  10:12  Stalker x2, Assimilator  
  143  10:14  Stalker  
  143  10:15  Assimilator  
  143  10:18  Probe  
  146  10:40  Stalker x2  
  146  10:41  Stalker  
  146  10:42  Stalker x2  
  154  10:43  Stalker  
  154  10:47  Sentry  
  154  10:48  Sentry  
  162  11:00  Probe x4  
  166  11:20  Stalker x4  
  166  11:21  Stalker x4  
  166  11:24  Assimilator  
  182  11:29  Assimilator  
  178  11:49  Stalker x4  
  178  11:50  Stalker x4  
  173  12:28  Stalker x2  
  173  12:29  Stalker x5  
  185  12:30  Stalker  
Show
View Real Time Build Order
Export as new Build Order

MrFercho Zerg - Winner!

Build Orders: Hatch First, Roach Hydra 

Get SALT Encoding   

  12  0:01  Drone  
  13  0:16  Overlord  
  13  0:17  Drone  
  14  0:34  Drone x2  
  16  0:54  Drone  
  17  0:57  Hatchery  
  16  1:09  Spawning Pool  
  16  1:11  Drone  
  16  1:30  Drone x3  
  19  1:41  Extractor, Drone  
  19  1:53  Drone  
  20  2:02  Queen  
  20  2:03  Overlord  
  22  2:11  Queen  
  22  2:14  Zergling x2  
  25  2:26  Drone x3  
  28  2:30  Drone  
  28  2:35  Drone  
  30  2:41  Drone  
  31  2:48  Lair  
  31  2:50  Queen  
  33  2:55  Drone x2  
  35  3:01  Drone  
  35  3:03  Roach Warren, Drone  
  36  3:09  Overlord  
  36  3:44  Roach x4  
  36  3:45  Overlord x2  
  36  3:46  Overlord  
  44  4:00  Glial Reconstitution  
  44  4:02  Evolution Chamber  
  43  4:09  Drone x8  
  51  4:10  Extractor  
  51  4:12  Extractor  
  49  4:20  Overseer  
  49  4:50  Roach x2  
  49  4:51  Roach  
  55  4:53  Drone x3  
  55  4:54  Drone x3  
  61  5:09  Roach x2  
  61  5:10  Roach  
  61  5:12  Drone  
  68  5:15  Overlord x2  
  68  5:49  Drone x6  
  74  6:05  Hatchery  
  73  6:13  Extractor  
  73  6:14  Extractor  
  71  6:24  Drone x9  
  80  6:38  Extractor  
  79  6:44  Evolution Chamber  
  78  6:48  Hydralisk Den, Drone x2  
  78  6:51  Drone x5  
  84  6:57  Overlord  
  84  7:00  Zerg Missile Weapons Level 1  
  84  7:12  Zerg Ground Armor Level 1  
  84  7:18  Hydralisk  
  84  7:19  Hydralisk x3  
  92  7:37  Drone x2  
  92  7:38  Drone  
  95  7:47  Hatchery  
  94  7:52  Overlord x3  
  94  8:03  Muscular Augments  
  94  8:05  Metabolic Boost  
  77  8:23  Overseer  
  77  8:25  Overseer  
  75  8:28  Pneumatized Carapace  
  75  8:32  Drone x9  
  84  8:41  Spire  
  84  8:46  Hydralisk x4  
  91  8:58  Hydralisk  
  91  8:59  Hydralisk x4  
  101  9:03  Overlord  
  101  9:09  Queen  
  103  9:14  Grooved Spines  
  103  9:15  Drone x4  
  96  9:25  Spore Crawler  
  95  9:34  Hydralisk x6  
  107  9:41  Zerg Missile Weapons Level 2  
  107  9:43  Zerg Ground Armor Level 2  
  107  9:46  Drone x4  
  111  9:54  Spore Crawler  
  110  10:00  Hydralisk x4  
  110  10:01  Spine Crawler  
  110  10:02  Spine Crawler  
  116  10:09  Drone x2  
  118  10:19  Spine Crawler  
  117  10:24  Hydralisk  
  117  10:25  Hydralisk x3  
  117  10:26  Spine Crawler  
  124  10:52  Drone x4  
  128  10:57  Overlord x4  
  123  11:26  Mutalisk x2  
  123  11:27  Mutalisk x5  
  123  12:03  Hydralisk x8  
Show
View Real Time Build Order
Export as new Build Order

panda Protoss 

Build Orders:  

Get SALT Encoding   

  12  0:00  Probe  
  13  0:08  Probe  
  14  0:20  Pylon  
  14  0:41  Gateway  
  14  0:44  Gateway  
  14  0:51  Assimilator  
  14  0:53  Probe  
  15  1:06  Probe  
  16  1:15  Probe  
  17  1:23  Probe  
  17  1:32  Probe  
  19  2:05  Cybernetics Core  
  19  2:42  Stalker  
  19  2:43  Stalker  
  23  3:09  Assimilator  
  23  3:42  Pylon  
  23  3:44  Pylon  
  23  3:47  Pylon  
  23  4:00  Adept x2, Probe  
  23  4:01  Warp Gate  
  28  4:12  Probe  
  29  4:24  Probe  
  30  4:36  Twilight Council, Probe  
  31  4:40  Robotics Facility  
  31  5:07  Nexus  
  31  5:10  Assimilator  
  31  5:13  Assimilator  
  31  5:31  Dark Shrine, Warp Prism  
  33  5:39  Gateway  
  33  5:40  Gateway  
  33  5:43  Gateway  
  33  5:49  Blink  
  33  6:10  Stargate  
  33  6:27  Pylon  
  33  6:29  Pylon  
  33  6:31  Probe  
  33  6:33  Pylon  
  33  6:36  Pylon  
  33  6:39  Pylon, Probe  
  34  6:42  Pylon  
  34  6:44  Void Ray  
  34  6:45  Pylon  
  35  6:48  Probe  
  40  7:04  Probe  
  41  7:16  Probe  
  42  7:27  Void Ray  
  42  7:28  Probe  
  47  8:08  Dark Templar x4  
  47  8:09  Dark Templar  
  47  9:10  Dark Templar  
  47  9:11  Dark Templar x4  
  47  9:47  Probe  
  48  9:59  Probe  
  49  10:06  Gateway  
  49  10:08  Gateway  
  49  10:09  Gateway  
  49  10:12  Gateway, Probe  
  50  10:24  Probe  
  51  10:36  Probe  
  52  10:58  Forge  
  52  11:00  Forge  
  52  11:03  Forge  
  52  11:25  Stalker x3  
  58  11:28  Stalker  
  58  11:29  Stalker  
  58  11:31  Stalker  
  40  11:56  Dark Templar x3  
  40  11:57  Dark Templar x3  
  40  11:59  Dark Templar x3  
Show
View Real Time Build Order
Export as new Build Order

javichosky Protoss 

Build Orders:  

Get SALT Encoding   

  12  0:12  Pylon  
  12  0:32  Forge  
  12  0:35  Probe  
  13  0:47  Probe  
  14  1:16  Pylon  
  13  1:54  Pylon  
  13  2:07  Assimilator, Probe  
  13  2:11  Assimilator  
  13  2:15  Probe  
  14  2:22  Photon Cannon  
  15  2:24  Photon Cannon  
  15  2:26  Probe  
  16  2:38  Probe  
  17  2:50  Probe  
  18  3:20  Gateway  
  18  3:25  Pylon  
  18  3:30  Pylon  
  18  3:33  Pylon  
  18  3:37  Pylon  
  18  3:49  Pylon  
  18  3:54  Nexus  
  18  4:10  Photon Cannon  
  18  4:12  Photon Cannon  
  18  4:17  Photon Cannon  
  18  4:22  Photon Cannon  
  18  4:25  Photon Cannon  
  18  4:43  Photon Cannon  
  18  4:46  Photon Cannon  
  18  4:50  Photon Cannon  
  18  4:54  Cybernetics Core  
  18  4:55  Probe  
  18  4:57  Photon Cannon  
  19  5:03  Probe  
  20  5:08  Probe  
  20  5:11  Probe  
  21  5:16  Probe  
  23  5:25  Probe x2  
  25  5:53  Stalker  
  27  6:07  Probe  
  27  6:15  Probe  
  28  6:23  Stalker  
  31  6:26  Probe  
  31  6:27  Stargate  
  32  6:35  Probe  
  32  6:38  Probe  
  34  6:50  Probe  
  34  6:53  Stalker  
  37  6:56  Assimilator  
  37  7:00  Assimilator  
  37  7:02  Probe  
  38  7:15  Probe  
  39  7:27  Probe  
  39  7:29  Stargate  
  40  7:31  Stargate  
  40  7:35  Pylon  
  40  7:39  Probe  
  40  7:40  Pylon  
  41  7:46  Photon Cannon  
  41  7:50  Stalker, Photon Cannon  
  43  8:05  Twilight Council  
  43  8:20  Stalker  
  45  8:29  Probe  
  46  8:38  Void Ray  
  46  8:41  Probe  
  51  8:50  Stalker  
  51  8:53  Probe  
  51  8:55  Blink  
  54  9:05  Probe  
  55  9:17  Probe  
  55  9:22  Pylon  
  56  9:25  Pylon  
  56  9:30  Pylon  
  56  9:39  Pylon  
  56  9:42  Probe  
  56  9:44  Pylon  
  57  9:47  Pylon  
  57  10:30  Void Ray x3  
  69  10:53  Photon Cannon  
  69  10:56  Photon Cannon  
  69  10:58  Photon Cannon  
  69  11:02  Photon Cannon  
  69  11:06  Photon Cannon  
  69  11:13  Void Ray x2  
  69  11:15  Photon Cannon  
  69  11:17  Photon Cannon  
  77  11:20  Photon Cannon  
  77  11:24  Photon Cannon  
Tags
 
Add a new tag
Caveats
  • Supply blocks, unpowered buildings, or Contaminate may cause inaccurate times.
  • Supply counts are checked every 10 seconds.